 Dungeon Crawl Stone Soup version 0.29.1-2-gbd0b4ee654 (webtiles) character file.

Game seed: 9392814107745192555

7 xian the Gusty (level 1, -1/7 HPs)
             Began as a Felid Air Elementalist on Oct 24, 2022.
             Slain by a hobgoblin (4 damage)
             ... on level 1 of the Dungeon.
             The game lasted 00:01:07 (329 turns).

xian the Gusty (Felid Air Elementalist)              Turns: 329, Time: 00:01:07

Health: -1/7       AC:  1    Str:  4    XL:     1   Next: 83%
Magic:  1/4        EV: 17    Int: 16    God:
Gold:   0          SH:  0    Dex: 16    Spells: 3/4 levels left
                                        Lives:  0   Deaths: 0

rFire   . . .      SeeInvis +   (weapon unavailable)
rCold   . . .      Faith    .   (shield unavailable)
rNeg    . . .      Spirit   .   (body armour unavailable)
rPois   .          Reflect  .   (helmet unavailable)
rElec   .          Harm     .   (cloak unavailable)
rCorr   .          Rampage  .   (gloves unavailable)
Will    .....                   (boots unavailable)
Stlth   ++........              (no amulet)
HPRegen 0.02/turn               (no ring)
MPRegen 0.09/turn               (no ring)

@: quick
A: very small, claws 1, fangs 3, see invisible, speed 1, shaggy fur 1, stealthy
paws, no weapons or thrown items, no armour, multi-lived
a: no special abilities


You were on level 1 of the Dungeon.
You visited 1 branch of the dungeon, and saw 1 of its levels.

Inventory:

Potions
 a - a potion of magic


   Skills:
 + Level 2.8 Dodging
 + Level 2.6 Stealth
 + Level 2.0 Spellcasting
 + Level 0.8 Conjurations
 + Level 3.1 Air Magic


You had 3 spell levels left.
You knew the following spells:

 Your Spells              Type           Power      Damage    Failure   Level
a - Shock                 Conj/Air       32%        1d5       9%          1

Your spell library contained the following spells:

 Spells                   Type           Power      Damage    Failure   Level
 Static Discharge         Conj/Air       8%         3-4/arc   14%         2
 Swiftness                Air            11%        N/A       17%         3
 Airstrike                Air            5%         2d(1-17)  50%         4


Dungeon Overview and Level Annotations

Branches:
Dungeon (1/15)

Altars:


Innate Abilities, Weirdness & Mutations

You have sharp claws.
You have razor-sharp teeth.
You have supernaturally acute eyesight. (SInv)
You cover ground quickly. (Speed+)
You are covered in fur. (AC +1)
Your paws help you pounce on unaware monsters.
You are incapable of wielding weapons or throwing items.
You cannot wear armour.
You gain extra lives every three experience levels.


Message History

The hobgoblin hits you but does no damage.
Your Air Magic skill increases to level 3!
Things that are here:
a +0 dagger; a goblin corpse
There is an empty arch of ancient stone here.
There is an empty arch of ancient stone here.
There is an empty arch of ancient stone here.
There is an empty arch of ancient stone here.
There is an empty arch of ancient stone here.
You see here a +0 dagger.
You are too injured to fight recklessly!
Aiming: Shock (safe; 10% risk of failure)
Press: ? - help, Q - select action Shift-Dir - straight line, f/p - hobgoblin
Aim: a hobgoblin (68% to hit)
The zap hits the hobgoblin.
The hobgoblin is heavily wounded.
The zap hits the hobgoblin.
The hobgoblin is almost dead.
Aiming: Shock (safe; 10% risk of failure)
Press: ? - help, Q - select action Shift-Dir - straight line, f/p - hobgoblin
Aim: a hobgoblin (almost dead, 68% to hit)
The zap misses the hobgoblin.
The zap hits the hobgoblin.
You kill the hobgoblin!
Unknown command.
Aiming: Shock (safe; 9% risk of failure)
Press: ? - help, Q - select action Shift-Dir - straight line, f - hobgoblin
Aim: a hobgoblin (heavily wounded, 68% to hit)
The zap misses the hobgoblin.
Unknown command.
The hobgoblin misses you.
You are too injured to fight recklessly!
Aiming: Shock (safe; 9% risk of failure)
Press: ? - help, Q - select action Shift-Dir - straight line, f/p - hobgoblin
Aim: a hobgoblin (heavily wounded, 68% to hit)
The zap hits the hobgoblin.
The hobgoblin is almost dead.
Unknown command.
The hobgoblin hits you.
Ouch! That really hurt!
You die...

)#..###.########.#
.#..##...## #.#
.#§§#.....# #.#
.§§§##...## #.#
♣☼♣§###.##
###.#####
♣.♣♣§☼#.#
#.......#
.∩♣.♣.♣.#
#.#.###.#
..∩.♣♣.'## #.#g#
8..∩♣♣.♣.## #
#@###.#
..(.∩.♣♣..##
#.....#
<.8(.......##
##.##.#
....∩♣.♣....# ..#
8..∩.♣.♣....+ ....
..∩♣.♣♣.....#
....#
.∩♣.♣.♣....##
.#.## [.♣.⌠.....##
##.# ♣♣.###.g.##
.#


You could see a hobgoblin.

Vanquished Creatures
  A bat (D:1)
  A hobgoblin (D:1)
  A quokka (D:1)
  2 goblins (D:1)
  A rat (D:1)
6 creatures vanquished.

Notes
Turn   | Place    | Note
-------+----------+-------------------------------------------
     0 | D:1      | xian the Felid Air Elementalist began the quest for the
                  | Orb.
     0 | D:1      | Reached XP level 1. HP: 7/7 MP: 4/4
   281 | D:1      | Reached skill level 3 in Air Magic
   329 | D:1      | Slain by a hobgoblin

Illustrated notes

Levels and vault maps discovered:
D:1:      heliophobic_arrival_enchanted_forest, layout_loops_corners,
          minmay_worlds_worst_comb

Skill      XL: |  1 |
---------------+----+-----
Air Magic      | 3 |  3.1
Dodging        | |  2.8
Stealth        | |  2.6
Spellcasting   | |  2.0
Conjurations   | |  0.8

Action                   || total
-------------------------++-------
Melee: Unarmed           ||     4
 Cast: Shock             ||    18
Armor: Skin              ||     1
Dodge: Dodged            ||     3
